 Seeded DCSS version 0.31-a0-1278-g11c5b68f87 (webtiles) character file.

Game seed: 2784412586281298278 (custom seed)

415 timneilson the Covered (level 6, -3/38 HPs)
             Began as a Gargoyle Fighter on Dec 17, 2023.
             Was an Initiate of Qazlal.
             Killed from afar by an orc wizard (7 damage)
             ... with a puff of flame
             ... on level 4 of the Dungeon.
             The game lasted 00:05:03 (3988 turns).

timneilson the Covered (Gargoyle Fighter)           Turns: 3988, Time: 00:05:05

Health: -3/38      AC: 15    Str: 20    XL:     6   Next: 92%
Magic:  1/6        EV: 10    Int:  8    God:    Qazlal [......]
Gold:   149        SH:  5    Dex: 11    Spells: 5/5 levels left

rFire   . . .        a - +1 long sword (freeze)
rCold   . . .        c - +0 buckler
rNeg    + . .        b - +0 scale mail
rPois   ∞            (no helmet)
rElec   +            (no cloak)
rCorr   .            e - +3 Mad Mage's Maulers {Infuse+∞ VampMP -Cast}
SInv    .            (no boots)
Will    .....        (no amulet) Stlth
                     (no ring)
HPRegen 0.26/turn    (no ring)
MPRegen 0.10/turn

%: no spellcasting, infuse magic (1 MP)
@: no status effects
A: sickness immunity, AC +4, negative energy resistance 1, electricity
resistance, torment resistance 1, petrification resistance
a: Renounce Religion


You were on level 4 of the Dungeon.
You worshipped Qazlal.
Qazlal was noncommittal.
You visited 1 branch of the dungeon, and saw 4 of its levels.

You collected 149 gold pieces.

Inventory:

Hand Weapons
 a - a +1 long sword of freezing (weapon)
Armour
 b - a +0 scale mail (worn)
 c - a +0 buckler (worn)
 e - the +3 Mad Mage's Maulers (worn) {Infuse+∞ VampMP -Cast}
   (You acquired it on level 1 of the Dungeon)

   Infuse+∞: It empowers its wearer's blows with all of their magic.
   VampMP:    Blows struck in melee replenish the wearer's magic.
   -Cast:     It prevents spellcasting.
Scrolls
 i - a scroll of enchant weapon
 k - 2 scrolls of teleportation
 l - a scroll of fog {unknown}
 o - a scroll of brand weapon
Potions
 d - a potion of might
 f - 2 potions of attraction {unknown}
 g - 2 potions of degeneration {unknown}
 h - a potion of enlightenment
 j - a potion of haste {unknown}
 m - 2 potions of heal wounds {unknown}
 n - a potion of lignification {unknown}


   Skills:
 + Level 4.2 Fighting
 * Level 3.5 Long Blades
 * Level 5.0 Armour
 + Level 1.6 Dodging
 * Level 4.9 Shields
 + Level 0.6 Invocations


You had 5 spell levels left.
You didn't know any spells.
Your spell library contained the following spells:

 Spells                   Type           Power      Damage    Failure   Level
 Ignite Poison            Fire/Tmut/Pois 0%         N/A       99%         3
 Freezing Cloud           Conj/Ice/Air   0%         6-21      100%        5
 Cigotuvi's Dreadful Rot  Necr/Pois/Air  Unusable   N/A       N/A         2

Dungeon Overview and Level Annotations

Branches:
Dungeon (4/15)
 Temple: D:4-7

Altars:
Makhleb
Okawaru
Qazlal
Sif Muna
The Shining One

Annotations:
D:4 2 runed translucent doors


Innate Abilities, Weirdness & Mutations

You are immune to sickness and miasma.
Your stone body is resilient. (AC +4)
You are immune to poison.
You resist negative energy. (rN+)
You are resistant to electric shocks. (rElec)
You are resistant to unholy torment.
You are immune to petrification.


Message History

The orc priest miscasts a cantrip.
Found a stone staircase leading up.
You slash the orc wizard! You freeze the orc wizard.
The orc wizard is almost dead.
The orc wizard gestures wildly while chanting.
The orc wizard flickers and vanishes!
Deactivating autopickup; reactivate with Ctrl-A.
The orc priest invokes the aid of Beogh against you.
Beogh smites you!
You hear some strange, mumbled words.
Something tries to affect you, but you resist.
You miss something. Something hits you but does no damage.
The orc priest hits you but does no damage.
You block the orc's attack.
Unknown command.
You hit the orc priest. You freeze the orc priest.
The orc priest is heavily wounded.
Something hits you but does no damage. The orc priest barely misses you.
The orc hits you but does no damage.
You completely miss the orc priest.
The orc priest is heavily wounded.
You hear some strange, mumbled words.
A magic dart appears from out of thin air!
The magic dart hits you.
The orc priest hits you but does no damage.
The orc hits you with a +0 hand axe.
You closely miss the orc priest.
The orc priest is heavily wounded.
You hear some strange, mumbled words.
A puff of flame appears from out of thin air!
The puff of flame hits you.
The orc priest looks braver for a moment.
The orc barely misses you.
The orc priest calls down the wrath of Beogh upon you.
Beogh smites you!
* * * LOW HITPOINT WARNING * * *
You hear some strange, mumbled words.
A puff of flame appears from out of thin air!
The puff of flame hits you!
You die...

####### ##.....## #####
######.......## #....
..............###....
####........).......
#........†..#....
#######.........##.....
##<...o#.........#......
......{@................
##....o#......$..#.#####
#..###..........#.# #.
#..........#<#
###++####... ..≈.≈§.#
#..#.8..# .~≈~#.#


You could see an orc priest and an orc.

Vanquished Creatures
  Sigmund (D:2)
  2 hounds (D:4)
  An orc priest (D:4)
  6 adders
  2 gnolls (D:1)
  A worm (D:2)
  A dart slug (D:2)
  2 orcs (D:3)
  7 bats
  9 endoplasms
  3 giant cockroaches
  7 goblins
  A hobgoblin (D:3)
  10 jackals
  3 quokkas
  9 ball pythons
  A frilled lizard (D:1)
  5 kobolds
  6 rats
77 creatures vanquished.

Notes
Turn   | Place    | Note
-------+----------+-------------------------------------------
     0 | D:1      | timneilson the Gargoyle Fighter began the quest for the
                  | Orb.
     0 | D:1      | Reached XP level 1. HP: 14/14 MP: 1/1
    22 | D:1      | Identified a scroll of acquirement
    22 | D:1      | Acquired the +3 Mad Mage's Maulers {Infuse+∞ VampMP -Cast}
    22 | D:1      | Found the +3 Mad Mage's Maulers {Infuse+∞ VampMP -Cast}
    93 | D:1      | Reached XP level 2. HP: 19/19 MP: 0/2
   447 | D:1      | Reached XP level 3. HP: 6/23 MP: 1/3
  1018 | D:1      | Reached XP level 4. HP: 28/28 MP: 1/4
  1319 | D:2      | Reached skill level 4 in Armour
  1523 | D:2      | Noticed Sigmund
  1529 | D:2      | Killed Sigmund
  1530 | D:2      | Reached skill level 1 in Dodging
  1530 | D:2      | Reached XP level 5. HP: 30/33 MP: 1/5
  1530 | D:2      | Reached XP level 6. HP: 34/38 MP: 1/6
  1788 | D:2      | Found a burning altar of Makhleb.
  2856 | D:3      | Found an iron altar of Okawaru.
  2864 | D:3      | Found a shimmering blue altar of Sif Muna.
  3315 | D:3      | Found a stormy altar of Qazlal.
  3318 | D:3      | Became a worshipper of Qazlal Stormbringer
  3638 | D:3      | Found a glowing golden altar of the Shining One.
  3965 | D:4      | Reached skill level 5 in Armour
  3965 | D:4      | Found a large runed translucent door.
  3965 | D:4      | Found a large runed translucent door.
  3988 | D:4      | Killed from afar by an orc wizard

Illustrated notes

Levels and vault maps discovered:
D:1:      nzn_arrival_settlement, layout_loops_ring, minmay_heptomino_h4
D:2:      layout_loops_ring, basic_altar, uniq_sigmund
D:3:      layout_rooms, mainiacjoe_overflow_swirl,
          amethyst_overflow_temple_binary, serial_bayou_lagoon_b
D:4:      layout_rooms, ebering_ghost_disaster_area

Skill      XL: |  1  2  3  4  5  6 |
---------------+-------------------+-----
Long Blades    | 2 3 |  3.5
Armour         | 4 5 |  5.0
Fighting       | 4 |  4.2
Dodging        | 1 |  1.6
Shields        | 4 |  4.9
Invocations    | |  0.6

Action                     |  1- 3 |  4- 6 || total
---------------------------+-------+-------++-------
  Melee: Long sword        |    96 |   103 ||   199
    Use: Scroll            |     1 |     6 ||     7
 Armour: Scale mail        |    95 |    69 ||   164
  Dodge: Dodged            |    64 |    48 ||   112
  Block: Buckler           |    34 |    26 ||    60

Table legend: (Time is in decaauts)
 A = Elapsed time spent in this place.
 B = Non-inter-level travel time spent in this place.
 C = Inter-level travel time spent in this place.
 D = Time resting spent in this place.
 E = Time spent auto-exploring this place.
 F = Levels seen in this place.
 G = Mean time per level.
                   A        B        C        D        E       F      G
               +--------+--------+--------+--------+--------+-----+--------+
         Total |   4065 |   4009 |     56 |     16 |   3355 |   4 | 1016.2 |
       Dungeon |   4065 |   4009 |     56 |     16 |   3355 |   4 | 1016.2 |
               +--------+--------+--------+--------+--------+-----+--------+

Top non-repeatable levels by time:
     D:2: 1517 daAuts
     D:1: 1246 daAuts
     D:3: 1062 daAuts
     D:4: 239 daAuts
